Map: Tokamak LE

Players

LiquidClem (Clem)

  • Race: Terran Terran
  • League: Master
  • Spawn Location: 1:00

SHIN - Winner!

  • Race: Zerg Zerg
  • Spawn Location: 7:00

Event: DreamHack Dallas 2025

VOD

Have the link to the VOD?

Description

Time

  • Played on: May 24, 2025, 6:50 p.m.
  • Length: 14:58

All games in this series

Show
View Real Time Build Order
Export as new Build Order

LiquidClem Terran 

Build Orders: Reaper Expand 

Get SALT Encoding   

  12  0:00  SCV  
  13  0:12  SCV  
  14  0:16  Supply Depot  
  14  0:24  SCV  
  15  0:38  SCV  
  15  0:39  Barracks  
  16  0:43  Refinery  
  16  0:50  SCV  
  17  1:02  SCV  
  18  1:14  SCV  
  19  1:27  Orbital Command, Reaper  
  20  1:38  Command Center  
  20  1:48  Supply Depot  
  20  1:52  SCV  
  21  1:58  Marine  
  22  2:05  SCV  
  23  2:11  Factory  
  23  2:17  SCV  
  23  2:21  Barracks Reactor  
  24  2:29  SCV  
  25  2:39  Command Center  
  25  2:41  SCV  
  26  2:51  Orbital Command  
  26  2:53  SCV  
  27  3:00  Barracks  
  27  3:05  SCV  
  28  3:06  Hellion  
  28  3:08  Barracks Tech Lab  
  28  3:11  Hellion  
  32  3:16  Refinery  
  32  3:17  SCV  
  32  3:19  SCV  
  34  3:26  Marine  
  35  3:27  Stimpack  
  35  3:28  Hellion  
  35  3:30  SCV  
  35  3:33  SCV  
  39  3:38  Hellion  
  41  3:43  SCV  
  41  3:45  SCV  
  43  3:49  Marine  
  43  3:51  Orbital Command  
  43  3:55  SCV  
  45  3:57  SCV  
  40  4:07  Marine, SCV  
  40  4:09  SCV  
  33  4:18  SCV  
  33  4:19  SCV  
  33  4:21  SCV  
  33  4:23  Marine  
  37  4:25  Marine x2  
  37  4:30  SCV  
  40  4:33  Starport  
  40  4:34  SCV  
  40  4:35  SCV  
  42  4:39  Factory Reactor  
  42  4:41  Marine  
  42  4:42  Marine  
  42  4:43  SCV  
  42  4:44  Marine  
  46  4:47  SCV  
  46  4:48  SCV  
  48  4:56  Supply Depot, SCV  
  48  4:59  Marine, SCV  
  51  5:00  SCV  
  51  5:01  Marine  
  51  5:02  Marine  
  54  5:08  SCV  
  54  5:09  Combat Shield  
  54  5:11  SCV  
  54  5:13  SCV  
  57  5:17  Medivac x2  
  57  5:21  Supply Depot, Marine x2  
  62  5:23  Armory  
  62  5:28  Hellion  
  65  5:31  Marine  
  65  5:33  SCV  
  65  5:35  SCV  
  68  5:40  Marine  
  68  5:42  Marine  
  70  5:43  SCV  
  70  5:44  Supply Depot  
  70  5:49  Supply Depot, Marine, SCV x2  
  74  5:57  Factory Tech Lab  
  74  5:58  Marine  
  74  6:01  Refinery  
  74  6:02  Refinery, Barracks  
  74  6:03  Starport Reactor, Marine, SCV  
  77  6:04  Orbital Command  
  77  6:07  Marine  
  77  6:09  SCV  
  79  6:15  SCV  
  79  6:16  Marine, Engineering Bay x2  
  81  6:20  Siege Tank  
  81  6:21  SCV  
  81  6:23  Marine  
  81  6:25  Marine  
  80  6:28  SCV  
  78  6:33  Marine, SCV  
  78  6:34  SCV  
  81  6:40  Supply Depot, SCV  
  81  6:41  Marine  
  81  6:42  Marine  
  81  6:45  Terran Infantry Armor Level 1, SCV, Terran Infantry Weapons Level 1  
  81  6:46  SCV  
  86  6:50  Supply Depot  
  86  6:51  Marine x3  
  86  6:52  SCV  
  93  6:54  Siege Tank  
  93  7:01  SCV, Medivac  
  93  7:03  Supply Depot, Marine  
  93  7:05  SCV x2  
  100  7:08  Marine  
  100  7:13  Barracks x2, SCV  
  101  7:17  Supply Depot, SCV x2  
  103  7:23  Medivac  
  103  7:26  SCV  
  103  7:27  Supply Depot  
  103  7:28  Marine, Siege Tank  
  103  7:29  SCV x2  
  110  7:31  Marine  
  110  7:32  Marine  
  110  7:33  Marine  
  113  7:37  Marine  
  113  7:38  SCV  
  113  7:41  SCV x2  
  113  7:42  Supply Depot  
  117  7:44  Factory  
  117  7:45  Refinery  
  117  7:46  Marine  
  117  7:48  Marine  
  117  7:49  Supply Depot, Medivac  
  120  7:59  Command Center, Medivac  
  120  8:01  Barracks Reactor  
  120  8:02  Marine, Barracks Reactor, Widow Mine  
  125  8:10  Marauder  
  127  8:13  Drilling Claws  
  127  8:14  Barracks  
  127  8:15  Barracks  
  127  8:16  Marine  
  127  8:18  Barracks  
  127  8:19  Marine x2  
  130  8:20  Supply Depot  
  130  8:23  Medivac  
  130  8:26  Marine  
  133  8:28  SCV  
  133  8:31  Factory Reactor, Marine  
  133  8:32  Siege Tank  
  133  8:34  Marine  
  131  8:37  Supply Depot, Marine x2  
  131  8:40  Marine x2  
  135  8:43  Marine x2  
  135  8:45  Terran Infantry Weapons Level 2  
  135  8:47  SCV x2  
  139  8:49  Marauder, Marine  
  139  8:52  Supply Depot, SCV  
  139  8:53  Marine  
  144  8:56  Terran Infantry Armor Level 2  
  144  9:00  Supply Depot  
  144  9:02  Refinery  
  144  9:03  SCV  
  144  9:05  Marine x2  
  144  9:06  Barracks Tech Lab  
  144  9:07  Barracks Tech Lab x2  
  144  9:09  Widow Mine x2  
  142  9:10  Marine  
  142  9:11  Marauder  
  142  9:13  Widow Mine  
  146  9:18  SCV  
  146  9:21  Marine x2  
  149  9:24  Supply Depot, Terran Vehicle And Ship Armor Level 1  
  149  9:27  Ghost Academy  
  149  9:29  Marauder x2  
  149  9:30  Marauder  
  149  9:31  Widow Mine  
  157  9:32  Marauder  
  157  9:33  SCV, Widow Mine  
  160  9:40  Medivac  
  160  9:44  SCV  
  163  9:47  Supply Depot  
  163  9:49  Planetary Fortress  
  163  9:51  Marauder x2  
  163  9:52  Marine  
  166  9:53  Marine x2  
  166  9:54  Marine x2  
  166  9:56  Marauder x2  
  166  9:59  Marine  
  169  10:01  Marine  
  169  10:02  SCV  
  169  10:05  Widow Mine x2  
  151  10:07  Medivac  
  151  10:11  SCV  
  151  10:12  Marauder x2  
  157  10:14  Widow Mine  
  157  10:15  Marine x2  
  157  10:16  SCV  
  157  10:18  Marauder x2, SCV  
  157  10:21  Marine  
  167  10:23  SCV  
  167  10:26  Marine  
  167  10:27  Marine  
  167  10:28  SCV  
  172  10:29  Marine x2  
  172  10:30  Marine  
  172  10:32  Marine  
  172  10:33  Ghost x2  
  182  10:38  Ghost, SCV  
  182  10:39  Refinery  
  182  10:40  Refinery, SCV x2  
  188  10:48  Command Center  
  188  10:51  Ghost  
  188  10:53  Widow Mine  
  167  11:01  Ghost x2, Marine  
  141  11:05  Marine x2, Widow Mine  
  141  11:06  SCV  
  141  11:07  Marauder  
  141  11:10  Widow Mine  
  130  11:12  Marine x3  
  130  11:13  SCV  
  130  11:18  Marine  
  133  11:19  Marine  
  133  11:20  Concussive Shells  
  133  11:21  Marauder  
  132  11:29  Marauder, Command Center  
  132  11:30  Marauder  
  132  11:32  Marine x2  
  137  11:33  Marine  
  138  11:44  Marauder, Marine x2  
  138  11:46  Widow Mine  
  137  11:47  Marauder, Marine, Widow Mine  
  137  11:48  Marine  
  137  11:50  Marauder  
  137  11:52  Marauder, Marine, Widow Mine  
  140  11:58  Marine  
  140  11:59  Marine  
  142  12:03  Terran Infantry Weapons Level 3  
  142  12:06  Marauder  
  142  12:08  Widow Mine x2  
  148  12:13  Marine  
  149  12:16  Terran Infantry Armor Level 3  
  149  12:17  Marauder, Marine  
  149  12:21  Ghost x2  
  158  12:25  Medivac, Widow Mine  
  158  12:27  Medivac  
  158  12:28  Marine x3  
  158  12:29  Widow Mine  
  169  12:31  SCV x2  
  169  12:35  Widow Mine  
  173  12:39  Sensor Tower  
  173  12:41  Marine x2  
  175  12:45  Ghost  
  175  12:46  Widow Mine  
  175  12:48  Ghost  
  183  12:51  Marine  
  183  12:53  Widow Mine  
  183  12:57  Ghost  
  189  13:06  Command Center  
  189  13:09  Liberator  
  192  13:12  Liberator  
  192  13:15  Marine x2  
  192  13:16  Marine  
  192  13:19  Marine  
  197  13:20  Marine x3  
  197  13:21  Marine  
  197  13:24  Widow Mine  
  199  13:28  Planetary Fortress  
  199  13:31  Refinery  
  199  13:32  Refinery, Widow Mine  
  199  13:33  Orbital Command  
  197  13:37  Widow Mine  
  197  13:39  Marauder  
  168  13:43  Marauder  
  168  13:47  Marine, Widow Mine  
  126  13:49  Marine  
  108  13:57  SCV  
  108  13:58  SCV  
  108  13:59  SCV  
  111  14:05  SCV  
  111  14:07  Marauder  
  111  14:09  SCV  
  97  14:10  SCV  
  97  14:15  Marauder, Marine x2  
  90  14:17  Widow Mine  
Show
View Real Time Build Order
Export as new Build Order

SHIN Zerg - Winner!

Build Orders: Hatch First 

Get SALT Encoding   

  12  0:00  Drone  
  13  0:08  Drone  
  14  0:15  Drone, Extractor  
  15  0:36  Hatchery  
  15  0:40  Drone, Extractor  
  14  0:46  Overlord  
  15  0:55  Extractor  
  14  1:03  Spawning Pool  
  13  1:06  Drone  
  13  1:10  Drone  
  15  1:14  Drone  
  15  1:18  Drone  
  17  1:28  Drone  
  18  1:39  Drone  
  19  1:49  Queen  
  19  1:51  Queen  
  23  1:55  Drone  
  23  1:58  Drone  
  23  2:01  Drone  
  26  2:08  Overlord  
  26  2:12  Metabolic Boost  
  26  2:15  Drone  
  26  2:18  Drone  
  28  2:31  Drone  
  28  2:32  Drone x2  
  28  2:36  Queen  
  33  2:42  Overlord  
  33  2:58  Hatchery  
  33  3:03  Zergling x10  
  37  3:08  Zergling x6  
  40  3:13  Zergling x4  
  40  3:17  Overlord  
  42  3:22  Queen  
  44  3:35  Overlord  
  44  3:36  Drone x4  
  48  3:44  Drone  
  48  3:45  Drone x3  
  52  3:52  Queen  
  52  3:53  Drone x2  
  56  3:59  Drone  
  55  4:02  Drone  
  55  4:05  Queen  
  50  4:10  Drone x2  
  50  4:11  Drone x2  
  50  4:14  Drone x2  
  56  4:20  Spore Crawler  
  56  4:21  Drone  
  56  4:23  Zergling x2  
  57  4:25  Zergling x8  
  61  4:31  Spore Crawler  
  61  4:32  Drone x2  
  61  4:35  Drone  
  63  4:43  Drone x2  
  65  4:46  Drone  
  65  4:47  Overlord x3  
  66  4:55  Lair  
  66  4:57  Roach Warren  
  66  4:58  Drone  
  66  5:00  Spore Crawler  
  66  5:01  Drone  
  66  5:06  Drone x4  
  71  5:07  Drone  
  71  5:09  Drone  
  71  5:11  Drone  
  71  5:13  Evolution Chamber  
  72  5:15  Evolution Chamber  
  72  5:16  Drone, Extractor x2  
  72  5:17  Drone x2, Extractor  
  72  5:20  Drone  
  72  5:21  Drone  
  73  5:25  Drone x3  
  73  5:27  Drone  
  76  5:30  Drone x4  
  78  5:35  Overlord  
  78  5:37  Roach  
  78  5:39  Roach  
  78  5:40  Extractor  
  78  5:41  Extractor  
  79  5:47  Overlord, Roach  
  79  5:49  Roach x2  
  85  5:50  Overlord x3  
  85  5:53  Glial Reconstitution  
  85  5:55  Roach  
  88  5:57  Roach  
  88  5:59  Roach  
  88  6:00  Overlord  
  88  6:02  Roach  
  92  6:09  Roach  
  92  6:10  Roach  
  92  6:11  Roach x2  
  100  6:12  Overlord  
  100  6:18  Roach x3  
  106  6:25  Zerg Ground Armor Level 1  
  102  6:26  Roach  
  102  6:27  Roach  
  102  6:28  Drone x3  
  102  6:30  Drone  
  104  6:33  Zerg Missile Weapons Level 1  
  104  6:35  Drone x2  
  104  6:37  Drone  
  107  6:45  Infestation Pit  
  106  6:49  Hatchery, Roach x2  
  106  6:52  Zergling x8  
  113  6:58  Roach  
  115  7:03  Roach  
  115  7:04  Roach x2  
  121  7:08  Ravager  
  121  7:09  Ravager x2  
  121  7:12  Drone x3  
  121  7:15  Drone  
  128  7:16  Drone x5  
  128  7:20  Drone x2, Overlord  
  135  7:24  Hive  
  135  7:26  Drone  
  135  7:28  Baneling Nest, Infestor  
  136  7:31  Zergling x2  
  136  7:36  Zergling x2  
  138  7:38  Infestor  
  138  7:40  Zergling x4  
  138  7:41  Infestor  
  138  7:43  Extractor  
  143  7:44  Overlord  
  143  7:46  Drone x2  
  143  7:47  Drone  
  143  7:49  Hatchery  
  145  7:54  Zergling x2, Roach x4  
  145  7:56  Ravager  
  152  8:06  Spore Crawler  
  152  8:11  Overlord x2  
  151  8:13  Zergling x16  
  151  8:19  Zerg Melee Weapons Level 1  
  159  8:20  Zergling x8  
  159  8:26  Zerg Ground Armor Level 2  
  163  8:33  Hatchery  
  162  8:38  Overlord x2  
  162  8:39  Ultralisk Cavern  
  161  8:42  Drone x4  
  165  8:51  Zergling x6  
  165  8:53  Centrifugal Hooks, Baneling x2  
  165  8:55  Zergling x4  
  166  9:13  Overlord  
  166  9:20  Overseer, Pneumatized Carapace  
  166  9:21  Overseer  
  166  9:26  Ultralisk x3, Chitinous Plating  
  166  9:27  Overlord x3  
  184  9:33  Ultralisk  
  188  9:42  Zergling x10  
  191  9:49  Drone  
  191  9:50  Drone, Ultralisk  
  191  9:51  Zergling x6  
  192  10:04  Zergling x30  
  192  10:05  Zergling x4  
  195  10:14  Overseer  
  195  10:15  Overseer x3  
  195  10:17  Baneling x9  
  195  10:24  Baneling x8  
  195  10:25  Spine Crawler, Baneling x3  
  195  10:26  Spine Crawler x2  
  195  10:27  Spine Crawler  
  191  10:32  Zerg Melee Weapons Level 2  
  191  10:34  Zergling x2  
  191  10:35  Zergling x14  
  199  10:45  Anabolic Synthesis  
  198  10:54  Ultralisk x2  
  198  10:55  Zergling x10  
  198  10:56  Zergling x2  
  195  11:02  Zergling x2  
  195  11:03  Zergling x34  
  195  11:04  Zergling x4  
  187  11:05  Zergling x2  
  187  11:09  Ultralisk  
  187  11:10  Zergling x4  
  187  11:11  Zergling x2  
  174  11:12  Zergling x2  
  174  11:14  Zergling x4  
  174  11:17  Zergling x4  
  177  11:18  Zergling x4  
  177  11:20  Zergling x2  
  177  11:21  Baneling x4  
  177  11:24  Zergling x4  
  177  11:25  Zergling x2  
  180  11:27  Baneling x5  
  180  11:29  Ravager  
  181  11:33  Baneling x10  
  181  11:34  Zergling x2  
  181  11:37  Zergling x2  
  181  11:40  Zergling x2  
  181  11:42  Overseer x4  
  181  11:43  Zergling x12  
  181  11:45  Zergling x2  
  181  11:46  Zergling x4  
  179  11:47  Zergling x2  
  179  11:48  Zergling x2  
  179  11:53  Zergling x6  
  170  11:55  Zergling x8  
  170  12:00  Drone x4  
  170  12:03  Burrow  
  170  12:06  Drone x3  
  173  12:11  Zerg Ground Armor Level 3  
  173  12:15  Zergling x6  
  171  12:17  Infestor  
  173  12:25  Zergling x2, Ultralisk  
  173  12:26  Zergling x4  
  182  12:31  Overseer  
  182  12:33  Baneling x13  
  182  12:39  Zergling x8, Roach  
  187  12:50  Spore Crawler  
  186  12:55  Zergling x2  
  186  12:56  Zergling x28, Roach  
  199  13:00  Baneling  
  199  13:01  Baneling x10  
  199  13:15  Hatchery  
  199  13:17  Baneling x4  
  198  13:21  Drone  
  198  13:22  Drone x4  
  198  13:26  Zergling x6  
  199  13:27  Infestor  
  199  13:29  Infestor  
  199  13:32  Zergling x12  
  196  13:35  Zergling x6  
  196  13:41  Zergling x8, Ultralisk x2  
  184  13:43  Zergling x2  
  159  13:48  Zergling x12  
  159  13:51  Zergling x4  
  159  13:53  Zergling x4  
  159  13:54  Zergling x2  
  159  13:55  Drone  
  163  13:57  Drone x2  
  163  14:00  Zergling x2  
  163  14:01  Zergling x6  
  169  14:09  Zergling x2, Ultralisk  
  162  14:10  Zergling x4  
  162  14:11  Zergling x4  
  162  14:12  Zergling x2  
  162  14:13  Zergling x2  
  163  14:17  Zergling x2  
  163  14:18  Zergling x6  
Tags
 
Add a new tag
Caveats
  • Supply blocks, unpowered buildings, or Contaminate may cause inaccurate times.
  • Supply counts are checked every 10 seconds.